cohdb
Replays
Latest Replays
All Replays
Popular Replays
Top Player Replays
Match Explorer
How It Works
Community
CoH3 Stats
Reddit
Sign in to upload your games and track your stats! →
Sign in with Steam
Match 47184839
Unlisted
Match 47184839
Overview
Messages
Build Orders
End
Panzergrenadier Squad
250 Light Carrier
Selects Armored Support Battlegroup
250 Light Carrier
Construct Light Support Kompanie
Combat Half-tracks
Assault Grenadier Squad
Selects Superior Fire Drills
Construct Mechanized Kompanie
Selects Salvage Kits
Tungsten Core Ammunition
Assault Mechanized Group
Vehicle Survival Package
Support Armor Elements
Emergency Repair Kits
Rapid Advance
Construct Panzerarmee Kommand
Selects Panzer Storm
Veteran Squad Leaders
Assault Mechanized Group
Advanced Field Repairs
Armored Reserves
Tiger Heavy Tank
Selects Stuka Anti-tank Loiter
Stuka Anti-tank Loiter
poe2 is
upomoc
Prometheus
[VN]Valkyrie
wodbs385512
GSK7717
0
0
Comments
sign in to comment!
No comments posted yet!